 Dungeon Crawl Stone Soup version 0.23.2 (webtiles) character file.

Game seed: 2467371757637987778

8822 snowfan the Arsonist (level 11, -1/77 HPs)
             Began as a Mummy Fire Elementalist on Apr 1, 2019.
             Was a Priest of Qazlal.
             Slain by a black bear (3 damage)
             ... on level 10 of the Dungeon.
             The game lasted 01:06:01 (16508 turns).

snowfan the Arsonist (Mummy Fire Elementalist)     Turns: 16508, Time: 01:06:02

Health: -1/77      AC:  9    Str: 11    XL:     11   Next: 15%
Magic:  3/24       EV: 12    Int: 18    God:    Qazlal [***...]
Gold:   383        SH:  7    Dex: 13    Spells: 11/29 levels left

rFire    . . .     SeeInvis .   l - +3 quarterstaff (chaos)
rCold    . . .     Gourm    .   (shield currently unavailable)
rNeg     + + +     Faith    .   K - +2 robe {Archmagi}
rPois    ∞         Spirit   .   r - +2 hat "Xiaj Kiuwk" {MR+}
rElec    .         Reflect  +   (no cloak)
rCorr    .         Harm     .   (no gloves)
MR       ++...                  G - +0 pair of boots
Stlth    +.........             E - +3 amulet of reflection
HPRegen  0.22/turn              n - +2 ring of protection
MPRegen  0.19/turn              s - ring of fire

@: no status effects
A: no food or potions, fire vulnerability, cold resistance 1, negative energy
resistance 3, torment resistance, unbreathing
a: Upheaval, Elemental Force, Renounce Religion


You were on level 10 of the Dungeon.
You worshipped Qazlal.
Qazlal was most pleased with you.
You were not hungry.

You visited 2 branches of the dungeon, and saw 11 of its levels.

You collected 471 gold pieces.
You spent 88 gold pieces at shops.

Inventory:

Hand Weapons
 d - a +0 hunting sling of flaming
 h - a +0 shortbow
 l - a +3 quarterstaff of chaos (weapon)
 o - a cursed -2 hunting sling
 p - a +0 battleaxe
 C - a +5 trident of pain
Missiles
 b - 382 stones (quivered)
 e - 107 arrows
 g - 5 silver javelins
 x - 23 sling bullets
Armour
 a - a +0 robe
 i - a +1 robe of cold resistance
 m - a +0 cloak
 r - the +2 hat "Xiaj Kiuwk" (worn) {MR+}
   (You found it on level 5 of the Dungeon)

   It affects your resistance to hostile enchantments.
 D - a +0 shield
 F - a +0 robe of magic resistance
 G - a +0 pair of boots (worn)
 K - a +2 robe of the Archmagi (worn)
Magical Staves
 z - an uncursed staff of cold
Jewellery
 n - a +2 ring of protection (left hand)
 q - an uncursed ring of teleportation
 s - a ring of fire (right hand)
 t - an uncursed ring of ice
 A - an uncursed ring of protection from cold
 E - a +3 amulet of reflection (around neck)
Wands
 k - a wand of polymorph (4)
 v - a wand of acid (11)
 B - a wand of iceblast (9)
 H - a wand of enslavement (10)
 J - a wand of scattershot (5)
Scrolls
 c - a scroll of remove curse
 j - a scroll of magic mapping
 u - a scroll of enchant weapon
 w - a scroll of immolation
 y - 2 scrolls of enchant armour
 M - a scroll of blinking {unknown}
Miscellaneous
 I - a sack of spiders


   Skills:
 * Level 4.1 Fighting
 - Level 1.5 Dodging
 - Level 1.5 Stealth
 + Level 9.9 Spellcasting
 + Level 7.5 Conjurations
 + Level 10.3 Fire Magic


You had 11 spell levels left.
You knew the following spells:

 Your Spells              Type           Power        Failure   Level  Hunger
a - Flame Tongue          Conj/Fire      #####        1%          1    N/A
c - Sticky Flame          Conj/Fire      #######.     1%          4    N/A
d - Conjure Flame         Conj/Fire      #######.     1%          3    N/A
f - Fireball              Conj/Fire      #######...   5%          5    N/A
s - Throw Flame           Conj/Fire      ######       1%          2    N/A
x - Inner Flame           Hex/Fire       ######..     3%          3    N/A

Your spell library contained the following spells:

 Spells                   Type           Power        Failure   Level  Hunger
 Mephitic Cloud           Conj/Pois/Air  ####....     9%          3    N/A
 Poisonous Vapours        Pois/Air       ##....       12%         2    N/A
 Freezing Cloud           Conj/Ice/Air   ####......   99%         6    N/A
 Ring of Flames           Chrm/Fire      ######....   100%        7    N/A

Dungeon Overview and Level Annotations

Branches:
Dungeon (10/15)            Temple (1/1) D:6             Orc (0/2) D:9
   Lair: D:8-11

Altars:
Ashenzari
Cheibriados
Dithmenos
Elyvilon
Fedhas
Gozag
Hepliaklqana
Kikubaaqudgha
Makhleb
Nemelex Xobeh
Okawaru
Qazlal
Ru
Sif Muna
Trog
Uskayaw
Vehumet
Wu Jian
Xom
Yredelemnul
Zin
The Shining One

Shops:
D:8 [

Annotations:
D:10 Sonja


Innate Abilities, Weirdness & Mutations

You do not eat or drink.
Your flesh is vulnerable to fire.
You are immune to poison.
Your flesh is cold resistant. (rC+)
You are immune to negative energy. (rN+++)
You are immune to unholy pain and torment.
You can survive without breathing.


Message History

You can't drink.
Unknown command.
Unknown command.
Okay, then.
You enter the shallow water.
Moving in this stuff is going to be slow.
The adder bites you but does no damage.
Casting: Flame Tongue (safe; 1% risk of failure)
Confirm with . or Enter, or press ? or * to list all spells.
Aiming: Flame Tongue (safe; 1% risk of failure)
Press: ? - help, Shift-Dir - straight line, f/p - wyvern
Aim: a wyvern (heavily wounded, encased in ice)
Okay, then.
Okay, then.
You kill the wyvern!
Qazlal accepts your kill. The adder bites you.
* * * LOW HITPOINT WARNING * * *
The black bear bites you.
You die...

############
#........†.#
#.l°.......#
#.....≈....#
######≈hS○†≈≈≈≈§#
≈≈≈≈≈≈.@§...≈..§≈≈≈≈≈
.......☼P..P...P.≈≈≈.
..)...P.P♣♣♣♣♣......%
.♣PP..♣.♣♣ ♣♣♣..P.♣
♣♣♣♣♣♣.♣ ♣♣♣♣♣ ..♣
.♣# .


You could see a black bear, a wyvern and an adder.

Vanquished Creatures
  Fannar (D:9)
  2 two-headed ogres (D:9)
  A manticore (D:10)
  A komodo dragon (D:10)
  A troll (D:10)
  A yak (D:10)
  2 hogs (D:10)
  2 wyverns (D:10)
  A hungry ghost (D:7)
  An acid dragon (D:9)
  A sky beast (D:9)
  4 orc warriors
  3 black bears
  A necrophage (D:5)
  3 ogres
  An ice beast (D:9)
  A phantom (D:9)
  2 centaurs
  2 big kobolds (D:8)
  A wyvern zombie (D:9)
  10 bullfrogs
  2 gnoll sergeants
  A wyvern skeleton (D:7)
  2 scorpions (D:6)
  5 wights (D:9)
  6 electric eels
  5 crimson imps
  2 jellies
  5 hounds
  Crazy Yiuf (D:2)
  2 bullfrog skeletons
  2 centaur skeletons
  A gnoll shaman (D:7)
  5 orc priests
  10 orc wizards
  5 iguanas
  Natasha (thrice) (D:3)
  8 worker ants
  3 worker ant zombies
  22 gnolls
  10 adders
  4 shadow imps
  An adder skeleton (D:4)
  2 adder zombies
  2 worms
  4 dart slugs
  2 leopard geckos (D:1)
  31 orcs
  9 bats
  5 giant cockroaches
  2 goblins
  2 hobgoblins
  13 jackals
  4 quokkas
  5 frilled lizards
  18 kobolds
  A quokka skeleton (D:4)
  6 rats
253 creatures vanquished.

Vanquished Creatures (others)
  A centaur (D:7)
  A bullfrog (D:7)
  An orc wizard (D:7)
  A worker ant (D:7)
  3 orcs (D:7)
7 creatures vanquished.

Grand Total: 260 creatures vanquished

Notes
Turn   | Place    | Note
-------+----------+-------------------------------------------
     0 | D:1      | snowfan the Mummy Fire Elementalist began the quest for the
                  | Orb.
     0 | D:1      | Reached XP level 1. HP: 13/13 MP: 4/4
   690 | D:1      | Reached XP level 2. HP: 19/19 MP: 5/5
   791 | D:1      | Reached skill level 3 in Fire Magic
  1704 | D:2      | Reached XP level 3. HP: 24/24 MP: 5/7
  1917 | D:2      | Found a runed translucent door.
  1918 | D:2      | Noticed Crazy Yiuf
  1950 | D:2      | Killed Crazy Yiuf
  1950 | D:2      | Reached skill level 4 in Fire Magic
  2312 | D:2      | Reached XP level 4. HP: 30/30 MP: 4/8
  2557 | D:3      | Noticed Natasha
  2561 | D:3      | Killed Natasha
  2578 | D:3      | Noticed Natasha
  2590 | D:3      | Killed Natasha
  2590 | D:3      | Reached XP level 5. HP: 26/35 MP: 4/9
  2598 | D:3      | Noticed Natasha
  2610 | D:3      | Killed Natasha
  2693 | D:3      | You fall through a shaft for 2 floors!
  2693 | D:5      | Entered Level 5 of the Dungeon
  2832 | D:5      | Found a radiant altar of Vehumet.
  2852 | D:5      | Reached skill level 5 in Fire Magic
  3140 | D:5      | Found a shadowy altar of Dithmenos.
  3373 | D:5      | Learned a level 3 spell: Conjure Flame
  3376 | D:5      | Learned a level 2 spell: Throw Flame
  3795 | D:5      | Reached XP level 6. HP: 41/41 MP: 10/10
  3808 | D:5      | Found a shattered altar of Ashenzari.
  4124 | D:5      | Got a shimmering hat
  4130 | D:5      | Identified the +2 hat "Xiaj Kiuwk" {MR+} (You found it on
                  | level 5 of the Dungeon)
  4165 | D:5      | Reached skill level 6 in Fire Magic
  4676 | D:6      | Noticed an orc warrior
  4962 | D:4      | Learned a level 3 spell: Inner Flame
  4976 | D:4      | Reached XP level 7. HP: 46/46 MP: 2/13
  5228 | D:4      | Reached skill level 5 in Spellcasting
  5256 | D:4      | Found a snail-covered altar of Cheibriados.
  5641 | D:4      | Found a stormy altar of Qazlal.
  5662 | D:4      | Became a worshipper of Qazlal Stormbringer
  5681 | D:4      | Reached skill level 7 in Fire Magic
  5958 | D:4      | Found a sparkling altar of Nemelex Xobeh.
  7262 | D:3      | Reached XP level 8. HP: 52/52 MP: 6/15
  7577 | D:6      | Reached skill level 8 in Fire Magic
  7727 | D:6      | Reached * piety under Qazlal
  7965 | D:6      | Found a hazy altar of Hepliaklqana.
  8634 | D:6      | Reached skill level 9 in Fire Magic
  8774 | D:6      | Found a white marble altar of Elyvilon.
  8905 | D:6      | Found a staircase to the Ecumenical Temple.
  8919 | Temple   | Entered the Ecumenical Temple
  9422 | D:6      | Found a sacrificial altar of Ru.
  9824 | D:7      | Found an iron altar of Okawaru.
  9824 | D:7      | Found a hide-covered altar of Uskayaw.
 10063 | D:7      | Learned a level 4 spell: Sticky Flame
 10832 | D:7      | Reached XP level 9. HP: 57/57 MP: 11/16
 11259 | D:7      | Found a shimmering altar of Xom.
 11332 | D:7      | Found an ancient bone altar of Kikubaaqudgha.
 11374 | D:7      | Reached skill level 10 in Fire Magic
 11468 | D:8      | Reached skill level 1 in Conjurations
 11748 | D:8      | Reached ** piety under Qazlal
 11892 | D:8      | Found a shimmering altar of Xom.
 12590 | D:8      | Found Qasi's Antique Armour Boutique.
 12593 | D:8      | Bought an embroidered robe for 88 gold pieces
 12704 | D:8      | Learned a level 5 spell: Fireball
 12802 | D:9      | Noticed a two-headed ogre
 12807 | D:9      | Killed a two-headed ogre
 13102 | D:9      | Found a staircase to the Orcish Mines.
 13143 | D:9      | Noticed a two-headed ogre
 13600 | D:9      | Killed a two-headed ogre
 13600 | D:9      | Reached skill level 5 in Conjurations
 13600 | D:9      | Reached XP level 10. HP: 61/63 MP: 2/22
 14827 | D:10     | Entered Level 10 of the Dungeon
 14844 | D:10     | Noticed Fannar
 15164 | D:9      | Killed Fannar
 15430 | D:10     | Reached skill level 1 in Fighting
 16106 | D:10     | Noticed a manticore
 16116 | D:10     | Killed a manticore
 16116 | D:10     | Reached XP level 11. HP: 75/75 MP: 10/24
 16207 | D:10     | Reached *** piety under Qazlal
 16397 | D:10     | Noticed a two-headed ogre
 16400 | D:10     | Noticed Sonja
 16508 | D:10     | HP: 2/77 [adder (2)]
 16508 | D:10     | Slain by a black bear

Skill      XL: |  1  2  3  4  5  6  7  8  9 10 11 |
---------------+----------------------------------+-----
Fire Magic     | 3 4 5 6 7 9 10 | 10.3
Spellcasting   | 4 5 8 9 |  9.9
Conjurations   | 5 7 |  7.5
Fighting       | 3 4 |  4.1
Dodging        | |  1.5
Stealth        | |  1.5

Action                   |  1- 3 |  4- 6 |  7- 9 | 10-12 || total
-------------------------+-------+-------+-------+-------++-------
Melee: Dagger            |     1 |       |       |       ||     1
       Quarterstaff      |       |     3 |    25 |    18 ||    46
 Fire: Hunting sling     |    29 |    42 |    80 |       ||   151
Throw: Stone             |       |       |     1 |     1 ||     2
 Cast: Flame Tongue      |    27 |    72 |   257 |    63 ||   419
       Throw Flame       |       |     1 |    58 |    35 ||    94
       Conjure Flame     |       |     1 |    39 |    10 ||    50
       Inner Flame       |       |       |     6 |     3 ||     9
       Sticky Flame      |       |       |     3 |     3 ||     6
       Fireball          |       |       |       |    30 ||    30
Invok: Upheaval          |       |       |       |     3 ||     3
  Use: Scroll            |       |     1 |     6 |     6 ||    13
 Stab: Confused          |       |       |     1 |       ||     1
Armor: Robe              |     1 |     2 |    38 |    31 ||    72
Dodge: Dodged            |    12 |    28 |   109 |    58 ||   207
Block: Other             |       |       |    15 |    30 ||    45
       Reflection        |       |       |       |     5 ||     5
